[Event "Team 45 45 League T46"]
[Site "Internet Chess Club"]
[Date "2010.08.21"]
[Round "3"]
[White "pestka"]
[Black "vnchess"]
[Result "1/2-1/2"]
[WhiteElo "2247"]
[BlackElo "2277"]
[Opening "Sicilian: accelerated fianchetto, Maróczy bind, 6.Be3"]
[ECO "B38"]
[Time "16:18:56"]
[TimeControl "2700+45"]

1. Nf3 c5 2. c4 g6 3. d4 cxd4 4. Nxd4 Nc6 5. e4 Bg7 6. Be3 Nf6 7. Nc3 d6 8. Be2
O-O 9. O-O Nxd4 10. Bxd4 Be6 11. Qd2 Nd7 12. Bxg7 Kxg7 13. f4 Qa5 14. Kh1 Rac8
15. Qd4+ f6 16. f5 Bf7 17. Nd5 Bxd5 18. exd5 Qc5 19. Qe4 Ne5 20. b4 Qb6 21. Rab1
Rc7 22. Rb3 Rfc8 23. fxg6 hxg6 24. a3 a5 25. Rh3 Rxc4 26. Bxc4 Rxc4 27. bxa5
Qxa5 28. Qe3 Qxd5 29. Qh6+ Kf7 30. Qh8 Qe4 31. Rh7+ Ke6 32. Qd8 Nc6 33. Qc8+ Kd5
34. Qxb7 Rc2 35. Qb3+ Kc5 36. Qg3 Qc4 37. Rg1 g5 38. Qe3+ Qd4 {Game drawn by
mutual agreement} 1/2-1/2

[Event "Team 45 45 League T46"]
[Site "Internet Chess Club"]
[Date "2010.08.22"]
[Round "3"]
[White "akdog3"]
[Black "Kolibri"]
[Result "1-0"]
[WhiteElo "2223"]
[BlackElo "2034"]
[Opening "QGD Slav/Grünfeld: Schlechter variation"]
[ECO "D90"]
[Time "15:00:53"]
[TimeControl "2700+45"]

1. d4 Nf6 2. c4 g6 3. Nc3 d5 4. Nf3 c6 5. Bg5 Bg7 6. e3 Qa5 7. Qd2 O-O 8. a3
dxc4 9. Bxc4 h6 10. Bf4 g5 11. Bg3 Bf5 12. O-O Qd8 13. Qe2 Bg4 14. Rfd1 e6 15.
h3 Bh5 16. e4 g4 17. hxg4 Bxg4 18. Qe3 Nh5 19. Bh2 Nd7 20. Rd3 Qe7 21. Ne5 Nhf6
22. Bf4 Bh5 23. Qh3 Bg6 24. Nxg6 fxg6 25. Bxh6 Bxh6 26. Qxh6 Kf7 27. e5 Rh8 28.
Qf4 g5 29. exf6 Nxf6 30. Qe5 Rh5 31. Re1 Rah8 32. Qxe6+ Qxe6 33. Bxe6+ Kf8 34.
Rh3 Rxh3 35. gxh3 Nh5 36. Kg2 Nf4+ 37. Kg3 Rh6 38. Bg4 Nd3 39. Re2 Rf6 40. Ne4
Rf4 41. Nxg5 {Black resigns} 1-0

[Event "Team 45 45 League T46"]
[Site "Internet Chess Club"]
[Date "2010.08.24"]
[Round "3"]
[White "fledermaus"]
[Black "SlimeDog2"]
[Result "1-0"]
[WhiteElo "1959"]
[BlackElo "2145"]
[Opening "French: Burn variation"]
[ECO "C11"]
[Time "17:18:16"]
[TimeControl "2700+45"]

1. d4 Nf6 2. Nc3 d5 3. Bg5 e6 4. e4 dxe4 5. Nxe4 Be7 6. Bxf6 Bxf6 7. Nf3 Nd7 8.
Bd3 O-O 9. Qe2 c5 10. Nxf6+ Nxf6 11. dxc5 Qa5+ 12. c3 Qxc5 13. O-O Bd7 14. Ne5
Rfd8 15. Rfd1 Be8 16. Bc2 Nd5 17. Rd4 Bb5 18. Bxh7+ Kf8 19. Qh5 Be8 20. Bc2 g6
21. Qh6+ Ke7 22. Rad1 Nf6 23. Qg5 b6 24. Rxd8 {Black resigns} 1-0

[Event "Team 45 45 League T46"]
[Site "Internet Chess Club"]
[Date "2010.08.21"]
[Round "3"]
[White "fishhead"]
[Black "Holzschlange"]
[Result "1-0"]
[WhiteElo "1794"]
[BlackElo "1851"]
[Opening "Petrov: Cochrane gambit"]
[ECO "C42"]
[Time "18:00:18"]
[TimeControl "2700+45"]

1. e4 e5 2. Nf3 Nf6 3. Nxe5 d6 4. Nxf7 Kxf7 5. Bc4+ d5 6. exd5 Bd6 7. O-O Re8 8.
d4 Kg8 9. f3 Bf5 10. a3 Nbd7 11. Ba2 b5 12. b3 Nxd5 13. c4 Bxb1 14. Bxb1 Qh4 15.
f4 Nc3 16. Qf3 Nxb1 17. Rxb1 bxc4 18. bxc4 Rab8 19. Rxb8 Rxb8 20. Qd5+ Kh8 21.
c5 Nf6 22. Qc6 Rd8 23. cxd6 Rxd6 24. Qxc7 Rxd4 25. Qb8+ Ng8 26. Qxa7 Rc4 27. Bb2
Qg4 28. h3 Qg3 29. Qf2 Qb3 30. Rc1 Rxc1+ 31. Bxc1 Qd1+ 32. Qf1 Qd4+ 33. Kh2 Nf6
34. Qe2 h6 35. g3 Ne4 36. Bb2 Qd5 37. Be5 Nc5 38. g4 Ne6 39. Qe3 Kh7 40. h4 Qd1
41. Kg3 h5 42. gxh5 Qh1 43. f5 Nf8 44. h6 Qb7 45. hxg7 {Black resigns} 1-0

[Event "Team 45 45 League T46"]
[Site "Internet Chess Club"]
[Date "2010.08.24"]
[Round "3"]
[White "Positron"]
[Black "NFork"]
[Result "1/2-1/2"]
[WhiteElo "2221"]
[BlackElo "2289"]
[Opening "Neo-Grünfeld, 6.O-O"]
[ECO "D77"]
[Time "15:19:19"]
[TimeControl "2700+45"]

1. d4 Nf6 2. c4 g6 3. g3 Bg7 4. Bg2 d5 5. Nf3 O-O 6. O-O dxc4 7. Nbd2 Nc6 8.
Nxc4 Be6 9. b3 Bd5 10. Bb2 a5 11. Rc1 a4 12. bxa4 Ra6 13. Nfe5 Bxg2 14. Kxg2 Qa8
15. Nxc6 bxc6 16. Kg1 Rxa4 17. a3 Rb8 18. Ba1 Nd7 19. Qc2 c5 20. Rfd1 cxd4 21.
Bxd4 Bxd4 22. Rxd4 Nc5 23. Rg4 Qa6 24. h4 h5 25. Rf4 Ne6 26. Rxf7 Nd4 27. Qd3
Kxf7 28. Qxd4 Rb5 29. Rc3 Rf5 30. e4 Rf6 31. Ne5+ Kg7 32. Qd7 Qe6 33. Qxa4 Qxe5
34. Qc2 c6 35. Rxc6 Rxc6 36. Qxc6 Qa1+ 37. Kg2 Qxa3 38. Qe6 Qb4 39. g4 hxg4 40.
Qxg4 Kf7 41. h5 gxh5 42. Qxh5+ Kg7 {Game drawn by mutual agreement} 1/2-1/2

[Event "Team 45 45 League T46"]
[Site "Internet Chess Club"]
[Date "2010.08.26"]
[Round "3"]
[White "zeigmata"]
[Black "Chatica"]
[Result "1/2-1/2"]
[WhiteElo "2346"]
[BlackElo "2060"]
[Opening "Budapest: Fajarowicz variation"]
[ECO "A51"]
[Time "17:05:55"]
[TimeControl "2700+45"]

1. d4 Nf6 2. c4 e5 3. dxe5 Ne4 4. Nf3 Nc6 5. Nbd2 Nc5 6. Nb3 Nxb3 7. Qxb3 Bb4+
8. Bd2 Bxd2+ 9. Nxd2 O-O 10. Nf3 Qe7 11. Qc3 Re8 12. e3 Nxe5 13. Nxe5 Qxe5 14.
Qxe5 Rxe5 15. Be2 d6 16. O-O Bf5 17. Rfd1 Be4 18. Rd4 Rae8 19. Rad1 Rg5 20. Bf1
b6 21. g3 Rge5 {Game drawn by mutual agreement} 1/2-1/2

[Event "Team 45 45 League T46"]
[Site "Internet Chess Club"]
[Date "2010.08.22"]
[Round "3"]
[White "Matusalen"]
[Black "pentti63"]
[Result "1/2-1/2"]
[WhiteElo "2081"]
[BlackElo "2204"]
[Opening "Réti: King's Indian attack, Spassky's variation"]
[ECO "A05"]
[Time "11:02:44"]
[TimeControl "2700+45"]

1. Nf3 Nf6 2. g3 b5 3. Bg2 Bb7 4. O-O e6 5. d3 d6 6. e4 Nbd7 7. Nbd2 c5 8. Re1
Qc7 9. b3 Be7 10. h4 O-O 11. c4 a6 12. Bb2 Ng4 13. Bh3 Nge5 14. Qe2 Bf6 15. Nxe5
Bxe5 16. Bxe5 dxe5 17. Nf3 Rfd8 18. Red1 b4 19. a3 a5 20. a4 Nb8 21. Qe3 Qd6 22.
h5 h6 23. Bf1 Nc6 24. Bh3 Qe7 25. Bg4 Nd4 26. Nxd4 Rxd4 27. Rd2 Rad8 28. Rad1
Qd6 29. Bf3 Bc6 30. Bg2 f5 31. f3 f4 32. Qe1 fxg3 33. Qxg3 Rf8 34. Bf1 Rf4 35.
Bh3 Qe7 36. Rg2 Rd6 37. Rgd2 Be8 38. Bg4 Qf6 39. Rg2 Kf8 40. Qf2 Rd4 41. Rh2 Bf7
42. Qh4 Ke7 43. Kf2 Rd8 44. Ke3 Rg8 45. Ke2 Kd6 46. Ke3 Be8 47. Rdh1 Rf8 48.
Qxf6 gxf6 49. Rf2 Rg8 50. Rg2 Rg5 51. Rgg1 f5 52. Bh3 Bxh5 53. Rf1 Rg3 54. Bg2
Rxg2 55. Rxh5 Rb2 56. exf5 Rxf5 57. Rxf5 exf5 58. Rh1 Rxb3 59. Rxh6+ Kc7 60.
Rh7+ Kd6 61. Rh6+ Ke7 62. Rc6 Ra3 63. Rxc5 Rxa4 64. Rxe5+ Kd6 65. Rb5 Ra3 66. f4
b3 67. Kd4 a4 68. Rd5+ Kc6 69. Rc5+ Kb6 70. Rxf5 Ra2 71. Rb5+ Kc6 72. Kc3 Ra1
73. Kb2 Ra2+ 74. Kc3 Rf2 75. f5 Rf1 76. f6 Kd6 77. Rb4 Ra1 78. Rb6+ Kd7 79. f7
Ke7 80. Rb7+ Kf8 81. Ra7 Ra2 82. Rb7 Rf2 83. c5 Rc2+ 84. Kb4 b2 85. Kxa4 Rxc5
86. Rxb2 Rd5 87. Rb3 Kxf7 88. Kb4 Ke6 89. Kc4 Rh5 90. Rb6+ Kd7 91. Rg6 Ra5 92.
Rg7+ Kd6 93. Kb4 Ra1 94. Kc4 Ra4+ 95. Kb3 Ra1 96. Kb2 Ra4 {Game drawn by mutual
agreement} 1/2-1/2

[Event "Team 45 45 League T46"]
[Site "Internet Chess Club"]
[Date "2010.08.23"]
[Round "3"]
[White "WilThorpe"]
[Black "Speedy-Reedy"]
[Result "1-0"]
[WhiteElo "2100"]
[BlackElo "1890"]
[Opening "Pirc: Austrian attack, 6.Bd3"]
[ECO "B09"]
[Time "11:04:52"]
[TimeControl "2700+45"]

1. e4 d6 2. d4 Nf6 3. Nc3 g6 4. f4 Bg7 5. Nf3 O-O 6. Bd3 Na6 7. O-O c5 8. d5 Nc7
9. Qe1 Rb8 10. a4 Bd7 11. Qh4 e6 12. dxe6 fxe6 13. e5 dxe5 14. fxe5 Nfd5 15. Bg5
Qe8 16. Ne4 Rxf3 17. Rxf3 Bxe5 18. Raf1 Ne7 {Black resigns} 1-0

[Event "Team 45 45 League T46"]
[Site "Internet Chess Club"]
[Date "2010.08.22"]
[Round "3"]
[White "Uwak"]
[Black "chiiwen"]
[Result "1-0"]
[WhiteElo "2443"]
[BlackElo "2128"]
[Opening "Sicilian: Kan, 5.Nc3"]
[ECO "B43"]
[Time "22:00:43"]
[TimeControl "2700+45"]

1. e4 c5 2. Nf3 e6 3. d4 cxd4 4. Nxd4 a6 5. Nc3 Qc7 6. g3 Bb4 7. Bd2 Nf6 8. Bg2
Nc6 9. Nb3 O-O 10. O-O Be7 11. g4 d6 12. g5 Nd7 13. f4 Rd8 14. Qh5 Bf8 15. Rf3
g6 16. Qh4 Bg7 17. f5 Nf8 18. f6 Bh8 19. Ne2 e5 20. Nc3 Be6 21. Nd5 Bxd5 22.
exd5 Nd4 23. Nxd4 exd4 24. Qxd4 h6 25. Rc3 Qb8 26. h4 Re8 27. Re1 Nd7 28. Rxe8+
Qxe8 29. Rc7 Nc5 30. Qe3 Qa4 31. Rxf7 Qxh4 32. Qe7 Qd4+ 33. Be3 Qd1+ 34. Kh2
Qh5+ 35. Kg3 {Black resigns} 1-0

[Event "Team 45 45 League T46"]
[Site "Internet Chess Club"]
[Date "2010.08.19"]
[Round "3"]
[White "screamingeagle"]
[Black "Merciful"]
[Result "0-1"]
[WhiteElo "2009"]
[BlackElo "2002"]
[Opening "Caro-Kann: exchange variation"]
[ECO "B13"]
[Time "09:05:07"]
[TimeControl "2700+45"]

1. e4 c6 2. d4 d5 3. exd5 cxd5 4. Bd3 Nc6 5. c3 Qc7 6. Na3 a6 7. Ne2 Bg4 8. f3
Bd7 9. Bf4 e5 10. dxe5 Nxe5 11. O-O Bd6 12. Bc2 Ne7 13. Bb3 O-O 14. Bxd5 Qc5+
15. Qd4 Qxd5 16. Qxd5 Nxd5 17. Rad1 Nxf4 18. Nxf4 Bc5+ 19. Kh1 Bxa3 20. bxa3 Bb5
{White resigns} 0-1

[Event "Team 45 45 League T46"]
[Site "Internet Chess Club"]
[Date "2010.08.23"]
[Round "3"]
[White "chess9793"]
[Black "perikitosax"]
[Result "1/2-1/2"]
[WhiteElo "1997"]
[BlackElo "2089"]
[Opening "Sicilian: Scheveningen, Keres attack"]
[ECO "B81"]
[Time "13:28:12"]
[TimeControl "2700+45"]

1. e4 c5 2. Nf3 e6 3. d4 cxd4 4. Nxd4 Nf6 5. Nc3 d6 6. g4 h6 7. h4 Nc6 8. Rg1 d5
9. exd5 Nxd5 10. Nxd5 exd5 11. Be3 Qxh4 12. Bb5 Bd7 13. Qe2 Be7 14. O-O-O O-O
15. Nf3 Bxg4 16. Nxh4 Bxe2 17. Bxe2 Bxh4 18. Bxh6 Bf6 19. Rxd5 Rfe8 20. Bxg7
Bxg7 21. Rdg5 Rad8 22. Rxg7+ Kf8 23. Bb5 Re5 24. Bxc6 bxc6 25. Rg8+ Ke7 26. Rxd8
Kxd8 27. Rd1+ Kc7 28. Kd2 Ra5 29. a3 Rb5 30. b3 Ra5 31. a4 Rf5 32. Ke3 c5 33. f4
Kc6 34. Ke4 Rh5 35. Rd2 a5 36. Rd3 Rh2 37. Rc3 Rh5 38. Rc4 Kd6 39. Rc3 f5+ 40.
Ke3 Rh3+ 41. Kd2 Rh2+ 42. Kd3 Kd5 43. Rc4 Rh3+ 44. Ke2 Rh2+ 45. Kf3 Rh3+ 46. Kf2
Rh2+ 47. Kg3 Re2 48. Kh4 Rg2 49. Kh3 Rg1 50. Kh2 Rg4 51. Kh3 Rg1 52. Kh4 Rg2 53.
Kh3 Rg1 54. Kh2 Rg4 55. Kh3 Rg1 {Game drawn by repetition} 1/2-1/2

[Event "Team 45 45 League T46"]
[Site "Internet Chess Club"]
[Date "2010.08.22"]
[Round "3"]
[White "Terte"]
[Black "Vaigpertu"]
[Result "0-1"]
[WhiteElo "2030"]
[BlackElo "2291"]
[Opening "Sicilian: Alapin's variation (2.c3)"]
[ECO "B22"]
[Time "03:16:05"]
[TimeControl "2700+45"]

1. e4 c5 2. c3 d6 3. d4 Nf6 4. Bd3 Nc6 5. Ne2 e5 6. d5 Ne7 7. c4 Ng6 8. Nbc3 Be7
9. O-O O-O 10. f4 exf4 11. Nxf4 Ng4 12. Be2 N4e5 13. Be3 Bf6 14. a3 a6 15. Rc1
Bd7 16. b4 b6 17. Kh1 Qe7 18. Qd2 Nxf4 19. Bxf4 Ng6 20. Bg3 Bd4 21. Bd3 h5 22.
Ne2 h4 23. Nxd4 hxg3 24. Nf5 Bxf5 25. exf5 Qh4 26. h3 Ne5 27. f6 gxf6 28. Rf4
Qg5 29. Rcf1 Kg7 30. Qe2 Rae8 31. Rf5 Qg6 32. Bb1 Rh8 33. Qb2 Nxc4 34. Qc3 Rxh3+
35. gxh3 g2+ 36. Kh2 gxf1=Q 37. Rxf1 Re2+ 38. Kh1 Qg2# {White checkmated} 0-1

[Event "Team 45 45 League T46"]
[Site "Internet Chess Club"]
[Date "2010.08.22"]
[Round "3"]
[White "instinct"]
[Black "TerryMalloy"]
[Result "1/2-1/2"]
[WhiteElo "2172"]
[BlackElo "2046"]
[Opening "Scotch gambit: Benima defense"]
[ECO "C44"]
[Time "12:02:21"]
[TimeControl "2700+45"]

1. e4 e5 2. d4 exd4 3. Nf3 Nc6 4. Bc4 Be7 5. O-O Nf6 6. e5 Ne4 7. Bd5 Nc5 8. c3
dxc3 9. Nxc3 O-O 10. Qe2 d6 11. exd6 cxd6 12. Re1 Bf6 13. Bf4 Be6 14. Rad1 Bxc3
15. bxc3 Bxd5 16. Rxd5 Re8 17. Qd2 Rxe1+ 18. Nxe1 Qe8 19. f3 Rd8 20. Bxd6 Ne6
21. Nc2 Ne7 22. Rd3 Nc8 23. Bg3 Rxd3 24. Qxd3 Qd8 25. Qe4 Nc5 26. Qf5 b6 27. Nd4
Ne6 28. Nxe6 Qd1+ 29. Kf2 Qd2+ 30. Kf1 Qd1+ 31. Be1 Nd6 32. Qe5 fxe6 33. Qxe6+
Kf8 34. h3 Qd3+ 35. Kg1 Nc4 36. Qc8+ Kf7 37. Qc7+ Kg6 38. Bg3 Qxc3 39. Qxa7 Qe3+
40. Bf2 Qc1+ 41. Kh2 Qf4+ 42. Bg3 Qd4 43. Qa4 h6 44. Qc6+ Kf7 45. Qc7+ Kf6 46.
Bf4 g5 47. Bg3 Kg6 48. Qc6+ Kg7 49. Qe6 h5 50. Bc7 h4 51. f4 gxf4 52. Qe7+ Kg6
53. Qxh4 Ne5 54. Bxe5 Qxe5 55. Qg4+ Kf7 56. Qf3 Kg6 57. g3 Qb2+ 58. Qg2 fxg3+
59. Kxg3 Qe5+ 60. Kh4+ Kh6 61. Qc6+ Kg7 62. Qb7+ Kg8 63. Qxb6 Qf4+ 64. Kh5 Qf5+
65. Kh6 Qxh3+ 66. Kg6 Qh7+ 67. Kg5 Qg7+ {Game drawn by mutual agreement} 1/2-1/2

[Event "Team 45 45 League T46"]
[Site "Internet Chess Club"]
[Date "2010.08.21"]
[Round "3"]
[White "Pason"]
[Black "trevor21"]
[Result "1/2-1/2"]
[WhiteElo "2066"]
[BlackElo "2149"]
[Opening "Queen's pawn"]
[ECO "A40"]
[Time "12:08:22"]
[TimeControl "2700+45"]

1. d4 e6 2. Nf3 d5 3. c4 Be7 4. Nc3 Nf6 5. g3 O-O 6. Bg2 b6 7. O-O Bb7 8. Ne5
Nbd7 9. cxd5 exd5 10. Bg5 Ne4 11. Bxe7 Qxe7 12. Nxd7 Qxd7 13. Rc1 Rfe8 14. Nxe4
dxe4 15. e3 Rac8 16. Qh5 Qd5 17. Qxd5 Bxd5 18. Rc3 c6 19. Rfc1 Kf8 20. b4 Ke7
21. a4 Kd6 22. a5 bxa5 23. bxa5 Rb8 24. Rc5 Rb2 25. Bf1 Reb8 26. Bc4 Rb1 27.
Bxd5 {Game drawn by mutual agreement} 1/2-1/2

[Event "Team 45 45 League T46"]
[Site "Internet Chess Club"]
[Date "2010.08.24"]
[Round "3"]
[White "Bort"]
[Black "mcplayerus"]
[Result "1-0"]
[WhiteElo "2050"]
[BlackElo "2074"]
[Opening "Nimzo-Indian: classical, Noa variation, 5.a3"]
[ECO "E36"]
[Time "12:00:10"]
[TimeControl "2700+45"]

1. d4 Nf6 2. c4 e6 3. Nc3 Bb4 4. Qc2 d5 5. a3 Bxc3+ 6. Qxc3 O-O 7. Bg5 h6 8. Bh4
c5 9. dxc5 d4 10. Qc2 Nbd7 11. Nf3 e5 12. b4 a5 13. Rd1 Re8 14. h3 axb4 15. axb4
Qc7 16. g4 Ra3 17. Bg2 b6 18. cxb6 Qxb6 19. Qb1 Ra4 20. c5 Qb5 21. O-O Rxb4 22.
Qc2 Rc4 23. Qa2 Qxc5 24. Rfe1 Rc3 25. Nd2 Qa3 26. Qxa3 Rxa3 27. Nc4 Rc3 28. Nd6
Re6 29. Nxc8 Rxc8 30. e3 dxe3 31. Rxe3 Rc4 32. Red3 g5 33. Bg3 Re7 34. Rd6 Kg7
35. Ra1 Re6 36. Rxe6 fxe6 37. Ra7 Rc5 38. Bf3 Kf8 39. Kg2 Ke7 40. Bh2 e4 41. Bd1
e5 42. Ba4 Rd5 43. Bg3 Rd4 44. Bxe5 Rb4 45. Bxf6+ Kxf6 46. Bxd7 e3 47. fxe3 Rb2+
48. Kg3 Re2 49. Ra3 Ke5 50. Bf5 h5 51. Kf3 Rh2 52. Ra5+ Kf6 53. gxh5 Rh1 54. h6
Rf1+ 55. Ke4 {Black resigns} 1-0

[Event "Team 45 45 League T46"]
[Site "Internet Chess Club"]
[Date "2010.08.21"]
[Round "3"]
[White "AVEMARIA"]
[Black "Buford-Julep"]
[Result "0-1"]
[WhiteElo "1642"]
[BlackElo "1734"]
[Opening "French: Steinitz, Boleslavsky variation"]
[ECO "C11"]
[Time "10:04:30"]
[TimeControl "2700+45"]

1. e4 e6 2. d4 d5 3. Nc3 Nf6 4. e5 Nfd7 5. f4 c5 6. Nf3 Nc6 7. Be3 Be7 8. Qd2
O-O 9. dxc5 Nxc5 10. O-O-O Qa5 11. a3 Rd8 12. Nd4 Nxd4 13. Bxd4 a6 14. Bd3 Nxd3+
15. Qxd3 g6 16. Ne2 Bd7 17. Bc3 Qb6 18. Qd2 Rdc8 19. Bd4 Qc7 20. Kb1 b5 21. Rhf1
a5 22. Rf3 b4 23. axb4 axb4 24. Nc1 Qa5 25. Nb3 Qa2+ 26. Kc1 Qa1+ {White
resigns} 0-1

[Event "Team 45 45 League T46"]
[Site "Internet Chess Club"]
[Date "2010.08.21"]
[Round "3"]
[White "BishopMike"]
[Black "GadsHill"]
[Result "1/2-1/2"]
[WhiteElo "1444"]
[BlackElo "1525"]
[Opening "Philidor: Hanham variation"]
[ECO "B07"]
[Time "23:18:25"]
[TimeControl "2700+45"]

1. e4 d6 2. Nf3 Nd7 3. d4 e5 4. Bc4 Ngf6 5. Nc3 Be7 6. O-O O-O 7. dxe5 dxe5 8.
Qe2 c6 9. a3 b5 10. Bb3 Qc7 11. Bg5 h6 12. Bh4 a6 13. Rad1 Bb7 14. Rd3 c5 15.
Ba2 c4 16. Rd2 Nc5 17. Bxf6 Bxf6 18. b4 Ne6 19. Nd5 Bxd5 20. exd5 Nd4 21. Qe4
Nxf3+ 22. Qxf3 Bg5 23. d6 Qd7 24. Rd5 f5 25. Rfd1 e4 26. Qh3 Rae8 27. Re1 Bf4
28. Red1 Re5 29. Rc5 Re6 30. Rc7 Qd8 31. Rc6 Rxd6 32. Rdxd6 Bxd6 33. Rxa6 Bxb4
34. Qh5 Qd2 35. g3 Bc5 36. Kg2 Qxf2+ 37. Kh3 e3 38. Rxh6 gxh6 39. Qg6+ Kh8 40.
Qxh6+ Kg8 41. Qg6+ Kh8 42. Qh6+ Kg8 43. Qg6+ {Game drawn by mutual agreement}
1/2-1/2

[Event "Team 45 45 League T46"]
[Site "Internet Chess Club"]
[Date "2010.08.22"]
[Round "3"]
[White "alaskauk"]
[Black "achessfool"]
[Result "1-0"]
[WhiteElo "1537"]
[BlackElo "1480"]
[Opening "French: Steinitz variation"]
[ECO "C11"]
[Time "10:00:17"]
[TimeControl "2700+45"]

1. e4 e6 2. d4 d5 3. Nc3 Nf6 4. e5 Nfd7 5. Nf3 c5 6. Be3 Nc6 7. Bb5 Qb6 8. O-O
cxd4 9. Bxd4 Nxd4 10. Bxd7+ Bxd7 11. Nxd4 Bc5 12. Nb3 Bb5 13. Nxb5 Qxb5 14. Qf3
O-O 15. h4 a5 16. Rab1 a4 17. Nxc5 Qxc5 18. c3 b5 19. Rfe1 Qc4 20. a3 Qxh4 21.
Rbd1 Qe7 22. Rd4 f5 23. exf6 Rxf6 24. Qxd5 Raf8 25. f3 Kh8 26. Qxb5 Rg6 27. Qe2
Qa7 28. Qe3 h6 29. Re4 Qb7 30. Re2 Rff6 31. Rf4 Rxf4 32. Qxf4 Rf6 33. Qe4 Qb3
34. Rd2 Qb6+ 35. Qd4 e5 36. Qxb6 Rxb6 37. Kf2 Kg8 38. Ke3 Kf7 39. f4 exf4+ 40.
Kxf4 Kf6 41. Rc2 Rb5 42. Rd2 Rf5+ 43. Kg3 Rc5 44. Rd4 Ke5 45. Rxa4 Kd6 46. Rb4
Rg5+ 47. Rg4 Rb5 48. Rxg7 Rxb2 49. Rg6+ Kc5 50. Rxh6 Rb3 51. Rf6 Rxc3+ 52. Rf3
Rc2 53. Kh3 Kb5 54. g4 Ka4 55. Kh4 Rc4 56. Kh5 Rc5+ 57. g5 Rc8 58. g6 Rh8+ 59.
Kg5 Rh1 60. g7 Rg1+ 61. Kf6 Kb5 62. Kf7 Rg5 63. g8=Q Rxg8 64. Kxg8 Ka4 65. Kf7
Ka5 66. Ke6 {Black resigns} 1-0

[Event "Team 45 45 League T46"]
[Site "Internet Chess Club"]
[Date "2010.08.18"]
[Round "3"]
[White "TheronUAL"]
[Black "tightfist"]
[Result "1/2-1/2"]
[WhiteElo "1476"]
[BlackElo "1568"]
[Opening "Four knights: Scotch variation"]
[ECO "C47"]
[Time "23:01:30"]
[TimeControl "2700+45"]

1. e4 e5 2. Nc3 Nf6 3. Nf3 Nc6 4. d4 Nxd4 5. Nxd4 exd4 6. Qxd4 d6 7. Bc4 Be7 8.
O-O O-O 9. Bg5 Be6 10. Bxe6 fxe6 11. e5 c5 12. Qe3 Nd5 13. Nxd5 exd5 14. Bxe7
Qxe7 15. e6 Rf6 16. Rfe1 Re8 17. Qb3 Kh8 18. Qxd5 Rxe6 19. Rxe6 Qxe6 20. Qxe6
Rxe6 21. Kf1 b5 22. Re1 Re5 23. Rxe5 dxe5 24. Ke2 g6 25. Ke3 Kg7 26. Ke4 Kf6 27.
Kd5 c4 28. c3 Kf5 29. g3 e4 30. h3 g5 31. Kc5 a6 32. Kb6 h5 33. Kxa6 h4 34. gxh4
gxh4 35. Kxb5 Kf4 36. Kxc4 Kf3 37. Kd4 Kxf2 38. Kxe4 Kg3 39. a4 Kxh3 40. Kf3 Kh2
41. Kf2 h3 42. a5 Kh1 43. a6 h2 44. a7 {Black stalemated} 1/2-1/2

[Event "Team 45 45 League T46"]
[Site "Internet Chess Club"]
[Date "2010.08.20"]
[Round "3"]
[White "CREDITorDEBIT"]
[Black "vaknight"]
[Result "1-0"]
[WhiteElo "1812"]
[BlackElo "1685"]
[Opening "Caro-Kann: two knights variation"]
[ECO "B10"]
[Time "20:00:34"]
[TimeControl "2700+45"]

1. e4 c6 2. Nf3 d5 3. Nc3 dxe4 4. Nxe4 Nd7 5. Bc4 h6 6. d4 Ngf6 7. Ng3 Nb6 8.
Bb3 Bg4 9. Bxf7+ Kxf7 10. Ne5+ Kg8 11. Nxg4 Nxg4 12. Qxg4 Qd5 13. O-O e5 14. Be3
Nc4 15. b3 Nxe3 16. fxe3 exd4 17. exd4 Bb4 18. c4 Qd6 19. Nh5 {Black resigns}
1-0

[Event "Team 45 45 League T46"]
[Site "Internet Chess Club"]
[Date "2010.08.22"]
[Round "3"]
[White "loserloser"]
[Black "isolani"]
[Result "1/2-1/2"]
[WhiteElo "1734"]
[BlackElo "1594"]
[Opening "Alekhine's defense: modern, Larsen variation"]
[ECO "B04"]
[Time "12:00:05"]
[TimeControl "2700+45"]

1. e4 Nf6 2. e5 Nd5 3. d4 d6 4. Nf3 dxe5 5. Nxe5 Nf6 6. Bc4 e6 7. O-O Be7 8. Bg5
O-O 9. Nc3 Nd5 10. Bxe7 Nxe7 11. Qg4 Nbc6 12. Rad1 Nd5 13. Rfe1 Nxc3 14. bxc3
Ne7 15. h4 Nd5 16. Qg3 Qf6 17. Re4 Qe7 18. Rg4 f6 19. Nf3 b5 20. Bb3 a5 21. Re1
c6 22. a4 Qc7 23. Bxd5 Qxg3 24. Bxe6+ Bxe6 25. Rxg3 Rfe8 26. Nd2 Bf5 27. Rge3
Kf7 28. Ne4 Bxe4 29. Rxe4 Rxe4 30. Rxe4 Re8 31. Rf4 Re1+ 32. Kh2 Ke6 33. g4 Re2
34. Rf5 Rxc2 35. axb5 cxb5 36. Rxb5 a4 37. Ra5 Rxf2+ 38. Kg3 Rc2 39. Rxa4 Rxc3+
40. Kf4 Rc1 41. Ra7 Rf1+ 42. Ke4 Re1+ 43. Kf4 Rf1+ 44. Ke4 {Game drawn by mutual
agreement} 1/2-1/2

[Event "Team 45 45 League T46"]
[Site "Internet Chess Club"]
[Date "2010.08.20"]
[Round "3"]
[White "TheJaguar"]
[Black "CheeryCherry"]
[Result "0-1"]
[WhiteElo "1580"]
[BlackElo "1506"]
[Opening "Giuoco Piano"]
[ECO "C50"]
[Time "14:00:22"]
[TimeControl "2700+45"]

1. e4 e5 2. Nf3 Nc6 3. Bc4 Bc5 4. Nc3 d6 5. h3 Nf6 6. d3 h6 7. O-O O-O 8. Be3
Bb6 9. Na4 Be6 10. Bb3 d5 11. Nxb6 axb6 12. exd5 Bxd5 13. Bxd5 Nxd5 14. Qd2 Qf6
15. a3 Rad8 16. Qe2 Rfe8 17. Rab1 Qg6 18. Rfe1 f5 19. Bd2 e4 20. dxe4 Rxe4 21.
Qf1 Nd4 22. Qd3 Nf4 23. Bxf4 Rxf4 24. Nxd4 Rfxd4 25. Qb3+ Kh7 26. Re6 Qg5 27. c3
Rd2 28. Rbe1 Qf4 29. R6e2 Re8 30. g3 Qf3 {White resigns} 0-1

[Event "Team 45 45 League T46"]
[Site "Internet Chess Club"]
[Date "2010.08.21"]
[Round "3"]
[White "Muravey"]
[Black "seattleblues"]
[Result "1-0"]
[WhiteElo "1580"]
[BlackElo "1265"]
[Opening "French: classical, Steinitz variation"]
[ECO "C14"]
[Time "15:00:28"]
[TimeControl "2700+45"]

1. e4 e6 2. d4 d5 3. Nc3 Nf6 4. Bg5 Be7 5. e5 Nfd7 6. Bxe7 Qxe7 7. f4 c5 8. Nf3
O-O 9. g3 Nc6 10. Bg2 f6 11. O-O fxe5 12. dxe5 Nb6 13. Qe2 Bd7 14. b3 Be8 15.
Qd2 Rd8 16. Nh4 Nd4 17. Ne2 Nf5 18. Nxf5 Rxf5 19. Bh3 Rf8 20. Rad1 Bg6 21. Rf2
c4 22. Nd4 Bf7 23. Nb5 Nc8 24. Bf1 a6 25. Nd4 Nb6 26. Qa5 Qc7 27. bxc4 dxc4 28.
c3 Rd5 29. Qb4 Ra8 30. Rb1 Nc8 31. Bxc4 a5 32. Qxb7 Qxc4 33. Qxa8 Qxc3 34. Rb8
Qc1+ 35. Kg2 Rd8 36. Rc2 Qe3 37. Rbxc8 g6 38. Rxd8+ Kg7 39. Qf3 Qe1 40. Qc3 Qe4+
41. Nf3 g5 42. fxg5 Bh5 43. Qc7+ Kg6 44. Rg8+ Kf5 45. Rf8+ Kg4 46. h3# {Black
checkmated} 1-0

[Event "Team 45 45 League T46"]
[Site "Internet Chess Club"]
[Date "2010.08.22"]
[Round "3"]
[White "Salvatore"]
[Black "rayonline53"]
[Result "1/2-1/2"]
[WhiteElo "1635"]
[BlackElo "1550"]
[Opening "Réti opening"]
[ECO "A04"]
[Time "18:02:54"]
[TimeControl "2700+45"]

1. Nf3 g6 2. e4 d6 3. Bc4 Nf6 4. Nc3 Bg7 5. d4 O-O 6. O-O Nbd7 7. h3 e5 8. dxe5
Nxe5 9. Nxe5 dxe5 10. Bg5 c6 11. Qe2 Qe7 12. Qe3 Be6 13. Bb3 Bxb3 14. axb3 b6
15. Ra6 Qb7 16. Rfa1 Nd7 17. b4 Rfe8 18. b5 c5 19. Nd5 Nb8 20. R6a3 a5 21. c4
Nd7 22. Rd1 Nf8 23. Bf6 Ne6 24. Bxg7 Kxg7 25. Qg3 Nd4 26. Qg5 Re6 27. Kh1 Qd7
28. Rd2 Qd8 29. Qe3 Ra7 30. Rad3 Qh4 31. Kh2 h5 32. g3 Qd8 33. f3 Qh8 34. Rf2
Qh6 35. f4 exf4 36. gxf4 Nf5 37. Qe1 Nd6 38. Qc3+ Kf8 39. Re2 Rxe4 40. Rxe4 Nxe4
41. Qe5 Nf2 42. Rf3 Ng4+ 43. hxg4 hxg4+ 44. Kg2 gxf3+ 45. Kxf3 Qh3+ 46. Ke2 Rd7
47. Qb8+ Kg7 48. Qe5+ Kf8 49. Qb8+ Kg7 50. Qe5+ {Game drawn by mutual agreement}
1/2-1/2